 Dungeon Crawl Stone Soup version 0.32-a0-834-geaf45d8e21 (webtiles) character file.

Game seed: 7062683616707709443

149 AstroCodex24 the Shield-Bearer (level 5, -7/41 HPs)
             Began as a Vampire Fighter on Mar 26, 2024.
             Killed by divine providence
             ... invoked by an orc priest
              (11 damage)
             ... on level 4 of the Dungeon.
             The game lasted 00:02:06 (365 turns).

AstroCodex24 the Shield-Bearer (Vampire Fighter)     Turns: 365, Time: 00:02:06

Health: -7/41      AC:  9    Str: 17    XL:     5   Next: 9%
Magic:  5/5        EV:  8    Int: 10    God:
Gold:   17         SH:  4    Dex: 14    Spells: 4/4 levels left

rFire   . . .        a - +0 war axe
rCold   . . .        c - +0 buckler
rNeg    . . .        b - +0 scale mail
rPois   .            (no helmet)
rElec   .            (no cloak)
rCorr   .            e - +2 pair of gloves
SInv    +            (no boots)
Will    .....        (no amulet) Stlth
                     (no ring)
HPRegen 0.46/turn    (no ring)
MPRegen 0.09/turn

%: no passive effects
@: healing quickly
A: alive, fangs 3, see invisible, vampiric 2
a: Exsanguinate, Convert to Beogh


You were on level 4 of the Dungeon.
You visited 1 branch of the dungeon, and saw 4 of its levels.

You collected 17 gold pieces.

Inventory:

Hand Weapons
 a - a +0 war axe (weapon)
Armour
 b - a +0 scale mail (worn)
 c - a +0 buckler (worn)
 e - a +2 pair of gloves (worn)
Jewellery
 g - a ring of positive energy
Scrolls
 f - a scroll of revelation {unknown}
 i - a scroll of teleportation {unknown}
Potions
 h - a potion of brilliance {unknown}


   Skills:
 + Level 3.4 Fighting
 + Level 3.0 Axes
 + Level 3.0 Armour
 + Level 0.1 Dodging
 + Level 3.5 Shields


You had 4 spell levels left.
You didn't know any spells.
Your spell library was empty.

Dungeon Overview and Level Annotations

Branches:
Dungeon (4/15)
 Temple: D:4-7

Altars:


Innate Abilities, Weirdness & Mutations

Your natural rate of healing is accelerated.
You have razor-sharp teeth.
You have supernaturally acute eyesight. (SInv)
You are afflicted with vampirism and can become a bat while bloodless.


Message History

You feel agile.
Things that are here:
a +0 dagger; 5 stones
Things that are here:
a +0 mace; an orc corpse An orc and a sleepcap come into view.
The orc shouts!
You hear a shout!
An orc comes into view. It is wielding a +0 flail.
The orc moves out of view.
You hear a shout!
Found a leather armour.
A ball python and an orc priest come into view.
The ball python hisses angrily.
The orc priest shouts!
The orc priest looks braver for a moment.
The ball python moves out of view.
The orc priest calls down the wrath of Beogh upon you.
Beogh smites you!
The orc priest shouts, "Surrender to Beogh and we'll let you live!" (press Y on the ability menu to convert to Beogh)
An orc comes into view. It is wielding a +0 flail.
The orc shouts!
The sleepcap releases spores at you but does no damage.
The orc moves out of view.
The sleepcap attacks as it pursues you!
The sleepcap releases spores at you but does no damage.
The sleepcap barely misses you. The sleepcap releases spores at you!
The sleepcap attacks as it pursues you! The sleepcap misses you.
The orc closely misses you.
You feel a little less mighty now.
The orc priest calls down the wrath of Beogh upon you.
Beogh smites you!
* * * LOW HITPOINT WARNING * * *
The sleepcap barely misses you. The sleepcap attacks as it pursues you!
The sleepcap releases spores at you.
* * * LOW HITPOINT WARNING * * *
You hear the hiss of a very distant avalanche of sand.
The orc priest invokes the aid of Beogh against you.
Beogh smites you!
You die...

.............#......#
.#......o#..###..###.#
##.....###..#..## #
....###S# ##...#.#)# ###
#o.# ###....# # #..#
#.#### ##.########
#f.######.# ..........#
#.........#
#........######@.########
#...........#
#<########### #######.#
....>..[# #########


You could see a sleepcap, an orc priest, an orc and a ball python.

Vanquished Creatures
  2 scorpions (D:4)
  2 adders
  An orc (D:4)
  2 endoplasms
  2 hobgoblins
  2 bats
  A frilled lizard (D:1)
  A kobold (D:4)
  2 rats (D:2)
15 creatures vanquished.

Notes
Turn   | Place    | Note
-------+----------+-------------------------------------------
     0 | D:1      | AstroCodex24 the Vampire Fighter began the quest for the
                  | Orb.
     0 | D:1      | Reached XP level 1. HP: 17/17 MP: 1/1
   170 | D:2      | Reached XP level 2. HP: 21/23 MP: 2/2
   285 | D:4      | Noticed a scorpion
   299 | D:4      | Killed a scorpion
   300 | D:4      | Gained mutation: You are afflicted with vampirism and can
                  | become a bat while bloodless. [Vampire growth]
   300 | D:4      | Reached XP level 3. HP: 14/29 MP: 3/3
   300 | D:4      | Reached XP level 4. HP: 17/35 MP: 4/4
   313 | D:4      | Noticed a scorpion
   327 | D:4      | Killed a scorpion
   328 | D:4      | Reached XP level 5. HP: 25/41 MP: 5/5
   365 | D:4      | Killed from afar by an orc priest

Illustrated notes

Levels and vault maps discovered:
D:1:      psy_arrival_spokes, layout_loops_ring, serial_forest,
          infiniplex_forest_corner_1, infiniplex_forest_end_1,
          infiniplex_forest_straight_1, infiniplex_forest_lined_room_,
          infiniplex_forest_end_2, infiniplex_forest_clump_small,
          infiniplex_forest_clump_small, infiniplex_forest_lined_room_
D:2:      layout_rooms, basic_altar
D:3:      layout_basic, supply_closet_lemuel
D:4:      nicolae_cairo_tiling_large_dashed, layout_loops_ring,
          elyvilon_altar_4, serial_shops, nicolae_shop_tiny_statue_garden,
          chequers_ossuary_entry_cave, uniq_robin, uniq_ijyb

Skill      XL: |  1  2  3  4 |
---------------+-------------+-----
Shields        | 3 |  3.5
Fighting       | 3 |  3.4
Axes           | 2 3 |  3.0
Armour         | 3 |  3.0
Dodging        | |  0.1

Action                     |  1- 3 |  4- 6 || total
---------------------------+-------+-------++-------
  Melee: War axe           |    33 |    20 ||    53
         Bite              |     5 |     1 ||     6
    Use: Potion            |       |     1 ||     1
 Armour: Scale mail        |    37 |    19 ||    56
  Dodge: Dodged            |    11 |     9 ||    20
  Block: Buckler           |    12 |     7 ||    19

Table legend: (Time is in decaauts)
 A = Elapsed time spent in this place.
 B = Non-inter-level travel time spent in this place.
 C = Inter-level travel time spent in this place.
 D = Time resting spent in this place.
 E = Time spent auto-exploring this place.
 F = Levels seen in this place.
 G = Mean time per level.
                   A        B        C        D        E       F      G
               +--------+--------+--------+--------+--------+-----+--------+
         Total |    387 |    378 |      9 |      0 |      0 |   4 |   96.8 |
       Dungeon |    387 |    378 |      9 |      0 |      0 |   4 |   96.8 |
               +--------+--------+--------+--------+--------+-----+--------+

Top non-repeatable levels by time:
     D:1: 152 daAuts
     D:4: 151 daAuts
     D:2: 56 daAuts
     D:3: 27 daAuts
